[Event "Late-Titled-Tuesday-Blitz-March-05-2024"]
[Site "Chess.com"]
[Date "2024.03.05"]
[Round "4"]
[White "Hamisandwich"]
[Black "Eliwood44"]
[Result "1-0"]
[WhiteElo "2664"]
[BlackElo "2514"]
[TimeControl "180+1"]
[EndTime "14:39:42 PST"]
[Termination "Hamisandwich won by checkmate"]

1. c4 Nf6 2. d4 e6 3. Nf3 b6 4. e3 Bb7 5. Bd3 Bb4+ 6. Nbd2 O-O 7. O-O d5 8. b3 c5 9. Bb2 cxd4 10. exd4 Nc6 11. a3 Bd6 12. Rc1 Rc8 13. c5 Bf4 14. g3 Bh6 15. b4 Ne4 16. b5 Nxd2 17. Nxd2 Ne7 18. c6 Ba8 19. a4 Qd6 20. f4 g6 21.
Qb3 Bg7 22. Nf3 Rfd8 23. Ba3 Qc7 24. Rfe1 Re8 25. Ne5 Rcd8 26. Qd1 Nc8 27. h4 Nd6 28. Bxd6 Qxd6 29. h5 Qb4 30. Bb1 f6 31. Nf3 e5 32.
dxe5 fxe5 33. Nxe5 Bxe5 34. fxe5 Rf8 35. hxg6 Qa3 36.
Qd3 Qb2 37. Rc2 Qb4 38. Rce2 Qc5+ 39. Kg2 d4 40. g7 Bxc6+ 41. bxc6 Qxc6+ 42. Qe4 Qxe4+ 43. Bxe4 Kxg7 44. Rf2 Rfe8 45. Bd3 Rc8 46. e6 Rc3 47. Rf7+ Kg8 48. Bxh7+ Kh8 49. Bg6 Kg8 50. e7 d3 51.
Rf2 Rxe7 52. Rxe7 d2 53. Bh7+ Kh8 54. Rf8# 1-0

[Event "Late-Titled-Tuesday-Blitz-March-05-2024"]
[Site "Chess.com"]
[Date "2024.03.05"]
[Round "4"]
[White "Yurovskykh_Oleksandr"]
[Black "Slovineanu"]
[Result "1-0"]
[WhiteElo "2659"]
[BlackElo "2488"]
[TimeControl "180+1"]
[EndTime "14:39:45 PST"]
[Termination "Yurovskykh_Oleksandr won by resignation"]

1. d4 Nf6 2. Nf3 e6 3. Bf4 d5 4.
e3 c5 5. c3 Bd6 6. Nbd2 cxd4 7. cxd4 Bxf4 8. exf4 Nc6 9. Bb5 O-O 10. Bxc6 bxc6 11. O-O a5 12. Qc2 Qb6 13. Nb3 Rb8 14. Rab1 Ne4 15. Rfc1 a4 16. Nc5 Nxc5 17. Qxc5 Ba6 18.
Qxb6 Rxb6 19. Ne5 Rc8 20. b4 axb3 21. Rxb3 Rxb3 22. axb3 f6 23. Nxc6 Kf8 24. Rc5 Bb7 25. Na5 Rxc5 26. dxc5 Ba6 27. f3 Ke7 28. Kf2 Kd7 29.
Ke3 e5 30. fxe5 fxe5 31. b4 Bb5 32. f4 d4+ 33. Ke4 d3 34. Nb3 exf4 35. Kxf4 Ke6 36. Nd4+ Kd5 37. Nxb5 Kc4 38. Ke3 Kxb4 39. Kxd3 Kxb5 40.
Kd4 Kc6 41. Kc4 g5 42. g4 Kc7 43. Kd5 h6 44. h3 Kd7 45. c6+ Kc7 46. Kc5 Kc8 47. Kd6 Kd8 48. c7+ Kc8 49. Kc6 h5 50.
gxh5 g4 51. h6 1-0

[Event "Late-Titled-Tuesday-Blitz-March-05-2024"]
[Site "Chess.com"]
[Date "2024.03.05"]
[Round "4"]
[White "adricalderon8"]
[Black "Smiechu"]
[Result "1-0"]
[WhiteElo "2519"]
[BlackElo "2346"]
[TimeControl "180+1"]
[EndTime "14:39:45 PST"]
[Termination "adricalderon8 won by checkmate"]

1. d4 Nf6 2. c4 c5 3. d5 e6 4. Nc3 exd5 5. cxd5 d6 6. e4 g6 7. Bd3 Bg7 8. h3 O-O 9. Nf3 b5 10. Bxb5 Nxe4 11. O-O Nxc3 12. bxc3 Bxc3 13. Rb1 Bf5 14. Rb3 Bg7 15. Bf4 Qc7 16. Qd2 Nd7 17. g4 Be4 18. Ng5 c4 19. Rc1 c3 20. Rbxc3 Bxc3 21. Nxe4 Bxd2 22. Rxc7 Bxf4 23. Rxd7 Rfd8 24. Re7 Rab8 25. a4 Rb6 26. Kg2 a6 27. Bc6 Rb4 28.
Kf3 g5 29. h4 h6 30. hxg5 hxg5 31. Ra7 Rb3+ 32. Kg2 Kg7 33. Rxa6 Rh8 34. Ra7 Rh2+ 35. Kf1 Rb1+ 36. Ke2 Rb2+ 37. Kd3 Rg2 38. Bd7 Rg1 39. Be6 Rc1 40. Rxf7+ Kg6 41. Rf6+ Kh7 42. Bf5+ Kg7 43. Rg6+ Kf8 44. Nxd6 Rb3+ 45. Ke4 Bxd6 46. Rxd6 Re1+ 47. Kd4 Rb4+ 48. Kc5 Rxa4 49. Rf6+ Ke7 50. Rg6 Rc1+ 51. Kb5 Ra2 52. d6+ Kd8 53. Rg8# 1-0

[Event "Late-Titled-Tuesday-Blitz-March-05-2024"]
[Site "Chess.com"]
[Date "2024.03.05"]
[Round "4"]
[White "yosephtaher"]
[Black "maximnovik"]
[Result "1/2-1/2"]
[WhiteElo "2913"]
[BlackElo "2595"]
[TimeControl "180+1"]
[EndTime "14:39:46 PST"]
[Termination "Game drawn by repetition"]

1. d4 Nf6 2. Nc3 d5 3. Bf4 c6 4.
e3 g6 5. h4 h5 6. Nf3 Bg7 7.
Ne5 Qb6 8. Rb1 Nfd7 9. Nf3 Nf6 10.
Be2 Bg4 11. Ne5 Bxe2 12. Nxe2 Qa5+ 13. c3 Qxa2 14. O-O Qa5 15. Bg5 O-O 16. Nf4 Qc7 17. g4 hxg4 18. Nxg4 Nxg4 19. Qxg4 Qc8 20. Qg3 e5 21.
dxe5 Bxe5 22. h5 Qf5 23. hxg6 fxg6 24. Kg2 Nd7 25. Rh1 Nf6 26. f3 Qc2+ 27. Kh3 Bxf4 28. Bxf4 Rf7 29. Bg5 Rh7+ 30. Bh4 Re8 31. e4 dxe4 32.
Qxg6+ Rg7 33. Rbc1 Rxg6 34. Rxc2 exf3 35. Rf1 Re3 36.
Rcf2 Ne4 37. Rxf3 Rxf3+ 38. Rxf3 b5 39. Re3 Re6 40. Kg2 Kf7 41. Rf3+ Ke8 42. Rh3 a5 43. Be1 Kd7 44. Rh1 Kd6 45. Kf3 Kd5 46. b3 Nc5 47. Rh5+ Re5 48. c4+ bxc4 49. bxc4+ Ke6 50. Rh6+ Kd7 51.
Bxa5 Nd3 52. Rh7+ Re7 53. Rh4 Ne5+ 54. Kf2 Ke6 55. Bc3 Kf5 56. Rh5+ Ke4 57. Ke2 Nxc4 58. Rc5 Ne5 59. Bd2 Re6 60. Kd1 Kd4 61. Ra5 c5 62.
Kc2 Nc4 63. Bc3+ Kd5 64. Ra8 Re2+ 65. Kb3 Nd2+ 66. Kc2 Ne4+ 67. Kd3 Nxc3 68. Rd8+ Kc6 69. Kxc3 Re3+ 70. Kc4 Re4+ 71. Kc3 Rf4 72. Rc8+ Kb5 73. Rb8+ Kc6 74. Rc8+ Kd5 75. Rd8+ Kc6 76. Rc8+ 1/2-1/2

[Event "Late-Titled-Tuesday-Blitz-March-05-2024"]
[Site "Chess.com"]
[Date "2024.03.05"]
[Round "4"]
[White "EsmeraldasAnderson03"]
[Black "AccioChess"]
[Result "1/2-1/2"]
[WhiteElo "2523"]
[BlackElo "2396"]
[TimeControl "180+1"]
[EndTime "14:39:46 PST"]
[Termination "Game drawn by repetition"]

1. d4 Nf6 2. c4 g6 3. Nc3 d5 4. cxd5 Nxd5 5. e4 Nxc3 6. bxc3 Bg7 7. Bc4 O-O 8. Ne2 c5 9. O-O Nc6 10. Be3 cxd4 11. cxd4 Bg4 12. f3 Bd7 13. Qd2 Rc8 14. Rac1 Qa5 15. Qxa5 Nxa5 16. Bd3 b5 17. d5 a6 18. Bd4 Nc4 19. Bxc4 bxc4 20. Rc3 e5 21. Be3 Bb5 22. Rb1 Rfe8 23. Bc1 Bf8 24. Ba3 Bh6 25.
Bc1 Bf8 26. Kf2 Bc5+ 27. Be3 Bd6 28. Rbc1 f5 29. g3 Rf8 30. Kg2 Rf7 31. a4 Bxa4 32.
Rxc4 Rxc4 33. Rxc4 Bb5 34. Rc2 fxe4 35. fxe4 Bd3 36.
Rc8+ Rf8 37. Rxf8+ Kxf8 38. Kf3 a5 39. Nc3 Bc2 40.
Ke2 a4 41. Kd2 Bb3 42. Nb5 Bb4+ 43. Kc1 Bc4 44. Nc7 Bd3 45. Bc5+ Bxc5 46. Ne6+ Ke7 47. Nxc5 Bb5 48. Nb7 Bd3 49. Nc5 Bb5 50. Nb7 Bd3 51. Nc5 1/2-1/2

[Event "Late-Titled-Tuesday-Blitz-March-05-2024"]
[Site "Chess.com"]
[Date "2024.03.05"]
[Round "4"]
[White "Nick12772"]
[Black "N_Mullodzhanov"]
[Result "1-0"]
[WhiteElo "2404"]
[BlackElo "2510"]
[TimeControl "180+1"]
[EndTime "14:39:48 PST"]
[Termination "Nick12772 won by checkmate"]

1. Nf3 d5 2. g3 Nf6 3. Bg2 g6 4.
O-O Bg7 5. d4 O-O 6. c4 c6 7.
cxd5 cxd5 8. Ne5 Nc6 9. Nxc6 bxc6 10. Nc3 Rb8 11. b3 Qd6 12. Bf4 Qb4 13. Bxb8 Qxb8 14.
Rc1 Bh6 15. e3 Bg4 16. Qc2 Bf5 17. Qd2 e5 18. dxe5 Qxe5 19. Rcd1 Qc7 20. Qd4 Bg7 21.
Qc5 Rc8 22. Rc1 Nd7 23. Qa3 Bf8 24. Qb2 Qe5 25. Qd2 Bb4 26. Qd4 Qd6 27. Nb5 Qf8 28.
Nxa7 Ra8 29. Nxc6 Bc5 30. Qd2 Nf6 31. Nd4 Bd7 32. a4 Ne4 33. Bxe4 dxe4 34. Nb5 Bh3 35. Rfd1 Qe7 36. Qd5 Rc8 37. Rc4 Bg4 38. Rdc1 Rd8 39. Qxc5 Qf6 40. Rxe4 Bh3 41. Rf4 Qb2 42. Rh4 Bf5 43. Rf4 Bh3 44. Rh4 Bf5 45. Qc3 Bg4 46. Qxb2 Bf3 47. Qc3 h5 48. Qc7 Re8 49. Nd6 Rf8 50. Qe7 g5 51. Qxg5+ Kh7 52. Rxh5+ Bxh5 53. Qxh5+ Kg7 54. Qg5+ Kh7 55. Nf5 Rg8 56. Qh6# 1-0

[Event "Late-Titled-Tuesday-Blitz-March-05-2024"]
[Site "Chess.com"]
[Date "2024.03.05"]
[Round "4"]
[White "MatthewG-p4p"]
[Black "mightysmasher"]
[Result "1-0"]
[WhiteElo "2889"]
[BlackElo "2586"]
[TimeControl "180+1"]
[EndTime "14:39:50 PST"]
[Termination "MatthewG-p4p won on time"]

1. f4 d5 2. Nf3 e6 3. g3 Bd6 4. Bg2 Nf6 5. O-O O-O 6. d3 c5 7. Nc3 b6 8. e4 dxe4 9. dxe4 Be7 10. e5 Nd5 11. Ne4 Bb7 12. Qe2 Nc6 13. Rd1 Qc7 14. c4 Ndb4 15. a3 Na6 16. Nd6 Rad8 17. Nb5 Qc8 18. Be3 Qa8 19. Nd6 Bxd6 20. exd6 Na5 21. Rab1 Nxc4 22. Qxc4 Bxf3 23. Bxf3 Qxf3 24. Bf2 Nb8 25.
b4 cxb4 26. axb4 Nd7 27. Rd3 Qg4 28. Qc7 Nf6 29. Qxa7 Ne4 30. Qxb6 Qg6 31. Rbd1 h5 32. d7 h4 33. Qe3 Nf6 34. Qf3 Nd5 35. Bc5 Qf6 36.
Bxf8 Kxf8 37. Rxd5 exd5 38. Qxd5 hxg3 39. hxg3 Kg8 40.
Qg5 Qb6+ 41. Qc5 Qg6 42. Qe3 Qg4 43. Rd2 Kh7 44. Rh2+ Kg6 45. Qe4+ Kf6 46. Qc6+ Ke7 47. Qc5+ Kf6 48. Qd6+ Kf5 49. Kf2 f6 50. Rh4 1-0

[Event "Late-Titled-Tuesday-Blitz-March-05-2024"]
[Site "Chess.com"]
[Date "2024.03.05"]
[Round "4"]
[White "averageFM"]
[Black "Zhigalko_Sergei"]
[Result "0-1"]
[WhiteElo "2584"]
[BlackElo "2886"]
[TimeControl "180+1"]
[EndTime "14:39:52 PST"]
[Termination "Zhigalko_Sergei won by resignation"]

1. d4 Nf6 2. Nc3 d5 3. e4 Nxe4 4. Nxe4 dxe4 5. Be3 Nd7 6. f3 Nf6 7. fxe4 Nxe4 8. Nf3 g6 9. Bd3 Nd6 10. O-O Bg7 11. Qd2 Bf5 12. Ne5 Bxd3 13. Qxd3 O-O 14. Qb3 c6 15. c3 Nf5 16. Bf4 Qc8 17. h3 c5 18. g4 Nd6 19. Qd5 cxd4 20. cxd4 Qc2 21.
Rac1 Qxb2 22. Rc7 Qb5 23. Qxb5 Nxb5 24. Rxe7 Nxd4 25. Bh2 Rae8 26. Rfxf7 Rxe7 27. Rxe7 Bxe5 28. Bxe5 Nf3+ 29. Kg2 Nxe5 30. Rxe5 Kg7 31. g5 Rf5 32. Re7+ Rf7 33. Re5 Rc7 34. Kg3 Kf7 35. a4 Rc3+ 36. Kg2 Rc2+ 37. Kg3 Rc3+ 38. Kg2 b6 39. a5 Rc5 40. Rxc5 bxc5 41. Kf3 Ke6 42. Ke4 a6 43. h4 Kd6 44. Ke3 Ke5 45. Kd3 Kd5 46. Ke3 c4 47. Ke2 Kc5 48. Kd2 Kb4 49. Kc2 Kxa5 0-1

[Event "Late-Titled-Tuesday-Blitz-March-05-2024"]
[Site "Chess.com"]
[Date "2024.03.05"]
[Round "4"]
[White "Caracal3000"]
[Black "trriinu"]
[Result "0-1"]
[WhiteElo "2454"]
[BlackElo "2258"]
[TimeControl "180+1"]
[EndTime "14:39:55 PST"]
[Termination "trriinu won by checkmate"]

1. e4 d5 2. exd5 Qxd5 3. Nc3 Qd6 4. d4 Nf6 5. g3 Nc6 6. Nge2 Bg4 7.
Bf4 Qd7 8. Bg2 e6 9. Nb5 Rc8 10. c4 Bb4+ 11. Bd2 a6 12. Bxb4 axb5 13. Bc3 b4 14.
Bd2 Nxd4 15. f3 Bxf3 16. Be3 Bxg2 17. Rg1 Nf3+ 18. Kf2 Nxg1 19. Qxg1 Be4 20. Rd1 Qc6 21. Nd4 Qxc4 22. Rc1 Ng4+ 23. Ke1 Qd3 24. Nc2 Bf3 25.
Nd4 Nxe3 26. Qf2 Ng4 27. Qxf3 Qxf3 28. Nxf3 Nf6 29. Rd1 O-O 30. Ne5 Rfd8 31. Rc1 Rd6 32. Nc4 Rc6 33. b3 b5 34. Rd1 bxc4 35. bxc4 Rxc4 36.
Rb1 Rc3 37. Kd2 Rf3 38. Rxb4 Rf2+ 39. Ke3 Rxh2 40. Rb7 Rh6 41. Rxc7 Rxc7 42. Kf3 Ra7 43. g4 Rxa2 44. g5 Ra3+ 45. Kf4 Nd5+ 46. Kg4 Rg6 47. Kh5 Rh3+ 48. Kg4 Rh1 49. Kf3 Rxg5 50. Ke4 Rh4+ 51. Kf3 Rf5+ 52. Kg3 Rh6 53. Kg4 f6 54. Kg3 Rg6+ 55. Kh4 Rf4+ 56. Kh3 Rf1 57. Kh2 Rf5 58. Kh3 Rh5# 0-1

[Event "Late-Titled-Tuesday-Blitz-March-05-2024"]
[Site "Chess.com"]
[Date "2024.03.05"]
[Round "4"]
[White "SharathRk6"]
[Black "Bekkedahl"]
[Result "1/2-1/2"]
[WhiteElo "2369"]
[BlackElo "2199"]
[TimeControl "180+1"]
[EndTime "14:39:55 PST"]
[Termination "Game drawn by stalemate"]

1. e4 c5 2. Nf3 g6 3. d4 cxd4 4. Qxd4 Nf6 5. Nc3 Nc6 6. Qd1 Bg7 7. Be3 O-O 8. Be2 d5 9. exd5 Nb4 10. Bc4 Bf5 11. Bb3 a5 12. O-O a4 13. Bxa4 Nfxd5 14. Nxd5 Nxd5 15. Bb3 Nxe3 16. fxe3 Bxb2 17. Rb1 Bg7 18.
Nd4 Be4 19. Qg4 Bd5 20. Bxd5 Qxd5 21. Rb5 Qxa2 22. Rxb7 Bxd4 23. exd4 Qxc2 24. Rxe7 Rae8 25. Rxe8 Rxe8 26. Qd7 Rf8 27. d5 Qd3 28. d6 Qd4+ 29. Kh1 Qc4 30. Rg1 Qc8 31. Qe7 Qd8 32. Rd1 Re8 33. Qxd8 Rxd8 34. g4 Kf8 35. Kg2 Ke8 36.
Kf3 Kd7 37. Kf4 Re8 38. Kg5 Re4 39. h3 Re3 40. h4 Re4 41. Rf1 f5 42. gxf5 gxf5 43.
Rxf5 Kxd6 44. Rf6+ Ke5 45. Rf5+ Ke6 46. Rf6+ Ke5 47.
Rf7 h6+ 48. Kh5 Ke6 49. Rh7 Kf5 50. Rxh6 Re8 51. Rh7 Rf8 52. Kh6 Rf6+ 53. Kh5 Rf8 54. Rh6 Rf7 55. Rh8 Rf6 56. Ra8 Rf8 57. Ra5+ Kf6 58.
Kg4 Kg6 59. Ra6+ Kh7 60. Kh5 Kh8 61. Ra7 Rb8 62. Ra6 Rc8 63. Kg6 Rb8 64. h5 Rc8 65. h6 Rb8 66. Rf6 Rc8 67. Re6 Rb8 68.
Re7 Rb6+ 69. Kg5 Rb8 70. Re6 Rc8 71. Kf6 Rb8 72. Kg6 Rc8 73. Rd6 Rb8 74. h7 Rc8 75. Kh6 Rb8 76. Kg6 Rb6 77. Rxb6 1/2-1/2

[Event "Late-Titled-Tuesday-Blitz-March-05-2024"]
[Site "Chess.com"]
[Date "2024.03.05"]
[Round "4"]
[White "HansOnTwitch"]
[Black "GM4life"]
[Result "1-0"]
[WhiteElo "3113"]
[BlackElo "2553"]
[TimeControl "180+1"]
[EndTime "14:39:56 PST"]
[Termination "HansOnTwitch won on time"]

1. e4 c5 2. Nf3 d6 3. Bb5+ Nd7 4. O-O a6 5. Bd3 Ngf6 6. Re1 e6 7. Bf1 Be7 8. d4 cxd4 9. Nxd4 O-O 10. c4 Qc7 11. Nc3 b6 12. Bg5 Bb7 13. Rc1 Rfe8 14. Qd2 Rac8 15. b3 Qb8 16. h3 Bd8 17. g3 Bc7 18. Bg2 Qa8 19. Qc2 h6 20. Bd2 Nc5 21. g4 Qb8 22. b4 Ncd7 23. Be3 Ne5 24. Qe2 Bd8 25. f4 Nxc4 26. Bf2 b5 27. g5 hxg5 28. fxg5 Nd7 29. h4 Nde5 30. Kh1 Bb6 31. h5 Rc7 32. Rg1 Qa7 33. Rcd1 Na3 34. Qb2 Rec8 35. Nce2 Nc2 36. g6 Rc4 37. gxf7+ Kxf7 38. Rgf1 Kg8 39. Bg1 Ba8 40. Qb3 Nxd4 41. Nxd4 Qe7 42. Qh3 Re8 43.
h6 gxh6 44. Rf4 Ng6 45. Rg4 Kh7 46. Be3 Qg7 47. e5 Bxg2+ 48. Rxg2 dxe5 49. Nxe6 Rxe6 50. Qxe6 Bxe3 51. Rd7 Rc1+ 52. Kh2 Bf4+ 53. Kh3 Rh1+ 54. Kg4 Ne7+ 55. Kf3 Rf1+ 56. Rf2 Qg3+ 57. Ke4 Qd3+ 58.
Kxd3 1-0

[Event "Late-Titled-Tuesday-Blitz-March-05-2024"]
[Site "Chess.com"]
[Date "2024.03.05"]
[Round "4"]
[White "MKlose11"]
[Black "andrzej"]
[Result "0-1"]
[WhiteElo "2616"]
[BlackElo "2501"]
[TimeControl "180+1"]
[EndTime "14:39:57 PST"]
[Termination "andrzej won by resignation"]

1. e4 e5 2. Nf3 Nf6 3. d4 Nxe4 4. Bd3 d5 5. Nxe5 Bd6 6. O-O O-O 7. c4 c5 8. cxd5 Nf6 9. Nc4 cxd4 10. Bg5 Be7 11. Re1 Nxd5 12. Qh5 g6 13. Bxe7 Nxe7 14.
Qf3 Nbc6 15. Nbd2 Bf5 16. Ne4 Bxe4 17. Bxe4 f5 18. Bc2 Kg7 19. Rad1 Qd5 20. Qxd5 Nxd5 21. Nd6 Ndb4 22. Bb3 d3 23. Nxb7 Rfe8 24. a3 d2 25. Rf1 Rab8 26. Nc5 Nd3 27. Nxd3 Rxb3 28. Rxd2 Rd8 29. Rfd1 Kf6 30. Nc5 Rxd2 31. Rxd2 Rb5 32.
Rd6+ Ke5 33. Rxc6 Kd5 34. Rc8 Rxc5 35. Rxc5+ Kxc5 36. g4 fxg4 37. Kg2 Kc4 38. Kg3 Kb3 39. Kxg4 Kxb2 40. Kg5 Kxa3 41. h4 Kb4 42. h5 a5 43.
hxg6 hxg6 44. Kxg6 a4 45. f4 a3 46. f5 a2 47. f6 a1=Q 48. Kf7 Kc5 49. Ke7 Qe5+ 50.
Kf7 Kd6 51. Kg6 Qe8+ 52. f7 Qf8 53. Kf6 Kd7 54. Kg6 Ke6 0-1

[Event "Late-Titled-Tuesday-Blitz-March-05-2024"]
[Site "Chess.com"]
[Date "2024.03.05"]
[Round "4"]
[White "ninguno46"]
[Black "IMRosen"]
[Result "0-1"]
[WhiteElo "2519"]
[BlackElo "2673"]
[TimeControl "180+1"]
[EndTime "14:39:58 PST"]
[Termination "IMRosen won by resignation"]

1. e4 c5 2. Nc3 Nc6 3. f4 e6 4. Nf3 a6 5. d3 b5 6. Qe2 b4 7. Nd1 Bb7 8. g3 Nge7 9. Bg2 d5 10. Nf2 g6 11. O-O Bg7 12. e5 h5 13. Be3 Qb6 14. c3 Nf5 15. Bd2 a5 16. a3 b3 17.
Bh3 a4 18. Bxf5 gxf5 19. h4 d4 20. c4 Ne7 21. Nh3 Bh6 22. Nhg5 Qc6 23. Qh2 Bf8 24. Rae1 Ng8 25. Qh3 Nh6 26. Kf2 Ng4+ 27. Ke2 Be7 28. Kd1 Ba6 29. Kc1 Bb7 30. Re2 Bd8 31. Nh2 Ne3 32.
Bxe3 dxe3 33. Rxe3 Ba5 34. Nhf3 Rd8 35. Qg2 Rd7 36.
Qe2 Kd8 37. Rd1 Kc8 38. Nh3 Rg8 39. Nfg5 Rgd8 40. Nh7 Rh8 41. Nf6 Rd4 42. Ng5 Qc7 43. Nxh5 Ba6 44. Nf6 Rhd8 45. Qg2 Kb8 46. h5 Qe7 47. h6 Bxc4 48. Qc6 Bd5 49. Qb5+ Bb7 50. Qxa5 c4 51. Qb4 Qc7 52. Kb1 cxd3 53. Qc3 Rc4 54.
Qe1 Rc8 55. Rexd3 Rc2 56. Nd7+ Ka7 57. Qg1+ Ka8 58. Nb6+ Kb8 59. Nxc8 Rxb2+ 60. Ka1 Ra2+ 0-1

[Event "Late-Titled-Tuesday-Blitz-March-05-2024"]
[Site "Chess.com"]
[Date "2024.03.05"]
[Round "4"]
[White "Shtembuliak"]
[Black "Polish_fighter3000"]
[Result "0-1"]
[WhiteElo "2846"]
[BlackElo "3111"]
[TimeControl "180+1"]
[EndTime "14:39:59 PST"]
[Termination "Polish_fighter3000 won on time"]

1. c4 e6 2. Nc3 d5 3. d4 Be7 4. cxd5 exd5 5. Bf4 c6 6. Qc2 Nf6 7. h3 O-O 8. e3 Re8 9. Bd3 Nbd7 10. Nf3 Nf8 11.
O-O Ng6 12. Bh2 Bd6 13. Bxd6 Qxd6 14. Rab1 a5 15. a3 Bd7 16. Rfc1 Qe7 17. Na4 Ne4 18. Nb6 Rad8 19. Nxd7 Rxd7 20. b4 axb4 21. axb4 Rd6 22. b5 Ng5 23. Qd1 Nxf3+ 24. Qxf3 Nh4 25. Qg3 Qf6 26.
bxc6 bxc6 27. Rb7 Ng6 28. Bxg6 Qxg6 29. Qxg6 hxg6 30. Rc7 Ree6 31. Ra1 Rf6 32. h4 Kh7 33. Raa7 Kh6 34. Rxf7 Rxf7 35. Rxf7 c5 36. dxc5 Rc6 37. Rf8 Kh7 38. Rd8 Rxc5 39. g3 g5 40. hxg5 Kg6 41. Rd7 Ra5 42. Kg2 Rb5 43. f4 Rb3 44. Kf3 Rd3 45.
g4 Kh7 46. f5 Rd1 47. f6 Kh8 48. Rxg7 d4 49. Rd7 Rf1+ 0-1

[Event "Late-Titled-Tuesday-Blitz-March-05-2024"]
[Site "Chess.com"]
[Date "2024.03.05"]
[Round "4"]
[White "BebeBonito2022"]
[Black "Sinquefield"]
[Result "0-1"]
[WhiteElo "2307"]
[BlackElo "2493"]
[TimeControl "180+1"]
[EndTime "14:39:59 PST"]
[Termination "Sinquefield won on time"]

1. d4 Nf6 2. c4 d6 3. Nf3 Nbd7 4.
Nc3 e5 5. e4 Be7 6. Be2 O-O 7.
O-O c6 8. h3 a6 9. a4 a5 10. Be3 Qc7 11. Qc2 Re8 12. Rfd1 Bf8 13. Rac1 Nb8 14. c5 exd4 15. cxd6 Bxd6 16. Nxd4 Qe7 17.
Nf3 Na6 18. Bc4 Be6 19. Bxa6 Rxa6 20. Rxd6 Qxd6 21. e5 Qe7 22. exf6 Qxf6 23. Bd4 Qd8 24. Rd1 Qc8 25. Ne4 Bf5 26. Nfd2 Ra8 27. f3 Qc7 28. Qc3 f6 29. Nc5 Rad8 30. Nde4 b6 31. Nb3 c5 32.
Rc1 Bxe4 33. fxe4 Rxe4 34. Bf2 Qd7 35. Qf3 Rxa4 36. Re1 h6 37. Nc1 Qd5 38. Qxd5+ Rxd5 39. Ne2 Re4 40. Nc3 Rxe1+ 41. Bxe1 Rd3 42. Kf2 Kf7 43. Ke2 Rd8 44. Na4 Rd6 45. Bg3 Rc6 46. Kd2 b5 47.
Nc3 b4 48. Ne4 c4 49. Nd6+ Ke6 50. Ne4 Kd5 51. Ke3 a4 52. Nd2 c3 53. bxc3 bxc3 0-1

[Event "Late-Titled-Tuesday-Blitz-March-05-2024"]
[Site "Chess.com"]
[Date "2024.03.05"]
[Round "4"]
[White "Teidi96"]
[Black "secretsuperstar7"]
[Result "0-1"]
[WhiteElo "2316"]
[BlackElo "2502"]
[TimeControl "180+1"]
[EndTime "14:40:00 PST"]
[Termination "secretsuperstar7 won on time"]

1. e4 c5 2. c3 Nf6 3. e5 Nd5 4. d4 d6 5. Nf3 cxd4 6. cxd4 dxe5 7. dxe5 Nc6 8. a3 g6 9. Bc4 Be6 10.
O-O Bg7 11. Re1 O-O 12. h3 Rc8 13. Ba2 Qd7 14. Qe2 Rfd8 15. Nbd2 Nf4 16. Qe4 Nd3 17. Bxe6 Qxe6 18. Re3 Nc5 19. Qc4 Qxc4 20. Nxc4 Rd1+ 21. Kh2 b5 22. Ncd2 Bh6 23. Rc3 Nxe5 24. Nxe5 Bf4+ 25. g3 Bxe5 26. Rc2 Rc7 27. Rb1 Nd3 28. Rxc7 Bxc7 29. Nb3 a5 30. Ra1 a4 31. Bd2 Nxf2 32. Rxd1 Nxd1 33.
Nd4 Nxb2 34. Nxb5 Bb6 35. Bc3 Nc4 36. Bb4 e5 37. Nc3 Bd4 38. Nxa4 e4 39. Kg2 e3 40.
Kf3 Ne5+ 41. Ke2 Ba7 42. Bc3 Nc4 43. Bb4 f5 44. Nc3 g5 45. Nd5 Kf7 46. a4 Ke6 47. a5 Kxd5 48. Be7 h6 49. h4 gxh4 0-1

[Event "Late-Titled-Tuesday-Blitz-March-05-2024"]
[Site "Chess.com"]
[Date "2024.03.05"]
[Round "4"]
[White "yaguigor"]
[Black "Adham_Fawzy"]
[Result "0-1"]
[WhiteElo "2572"]
[BlackElo "2807"]
[TimeControl "180+1"]
[EndTime "14:40:02 PST"]
[Termination "Adham_Fawzy won on time"]

1. e4 c5 2. Nf3 Nc6 3. d4 cxd4 4. Nxd4 e5 5. Nb5 d6 6. N1c3 a6 7. Na3 b5 8. Nd5 Nge7 9. c4 Nd4 10. cxb5 Nxd5 11. exd5 Bd7 12. bxa6 Qa5+ 13. Bd2 Qxd5 14. Nc4 Bb5 15. Ne3 Qc6 16. Bc3 Bxf1 17. Rxf1 Ne6 18. Nd5 Be7 19. f3 Bd8 20. Rf2 Qxa6 21. Rc2 O-O 22. Qe2 Qb7 23. Rd2 Bg5 24. Rdd1 f5 25. a4 e4 26. a5 Nc5 27. Qc4 Kh8 28. Kf1 Nd3 29. Rxd3 exd3 30. Qxd3 Bh6 31. a6 Qc6 32. f4 Rfb8 33. a7 Rb7 34. Qd4 Qc5 35. Qxc5 dxc5 36. Ra5 Rbxa7 37. Rxc5 Kg8 38. g3 Ra1+ 39. Kg2 Re8 40. Bd4 Rd1 41. Rc4 Re2+ 42. Kf3 Re4 43. Rc8+ Kf7 44. Rc7+ Ke6 45. Bxg7 Bxg7 46.
Rxg7 Rd3+ 47. Kf2 Kxd5 48. Rxh7 Rd2+ 49. Kf3 Rxb2 50. Rf7 Rb3+ 51. Kf2 Ke6 52. Rf8 Rc4 53. Re8+ Kf7 54. Re2 Kf6 0-1

[Event "Late-Titled-Tuesday-Blitz-March-05-2024"]
[Site "Chess.com"]
[Date "2024.03.05"]
[Round "4"]
[White "GilbertoHernandezAmura"]
[Black "IlanSchnaider"]
[Result "1-0"]
[WhiteElo "2482"]
[BlackElo "2639"]
[TimeControl "180+1"]
[EndTime "14:40:02 PST"]
[Termination "GilbertoHernandezAmura won by checkmate"]

1. c4 Nf6 2. g3 g6 3. Bg2 Bg7 4. Nc3 O-O 5. e4 c5 6. d3 d6 7. h4 h5 8. Nge2 Nc6 9. O-O Ne8 10.
Rb1 Nc7 11. a3 a5 12. Nd5 Ne6 13. b4 axb4 14. axb4 Ned4 15. Nxd4 Nxd4 16. bxc5 dxc5 17. Bf4 Ra2 18. Bg5 Re8 19. Kh1 Qd6 20. Rb6 Nc6 21.
Be3 e6 22. Nf4 Ra1 23. Qd2 Rxf1+ 24. Bxf1 Qc7 25. Bxc5 Ne5 26. Be3 Rd8 27. Qc2 Ng4 28. Rb1 Nxe3 29. fxe3 Bd7 30. Kh2 Bc6 31. Bg2 Ra8 32.
d4 Qa5 33. d5 exd5 34. exd5 Bd7 35. e4 Bg4 36. Nd3 Qa2 37. Qxa2 Rxa2 38. Rxb7 Bf3 39. Ne1 Bxe4 40. Kh1 Ra1 41. Re7 Bxg2+ 42. Kxg2 Bf6 43. Re8+ Kg7 44. d6 Rd1 45. c5 Rd5 46. Rc8 Rd2+ 47. Kf3 Rd1 48. Ng2 Rc1 49. Ne3 Rc3 50. d7 Be7 51. c6 Kf6 52. c7 Bc5 53. d8=Q+ Kg7 54. Qh8# 1-0

[Event "Late-Titled-Tuesday-Blitz-March-05-2024"]
[Site "Chess.com"]
[Date "2024.03.05"]
[Round "4"]
[White "laziestwin"]
[Black "FMJoseHerrera"]
[Result "1-0"]
[WhiteElo "2581"]
[BlackElo "2760"]
[TimeControl "180+1"]
[EndTime "14:40:06 PST"]
[Termination "laziestwin won on time"]

1. d4 Nf6 2. c4 c5 3. d5 b5 4.
cxb5 a6 5. bxa6 e6 6. Nc3 exd5 7.
Nxd5 Be7 8. Nxe7 Qxe7 9. e3 O-O 10. Nf3 d5 11. Be2 Nxa6 12. O-O Bb7 13. b3 Ne4 14. Bb2 Rfd8 15. Bd3 Nb4 16. Bb1 Ba6 17. Re1 f6 18. a3 Nc6 19. Nd2 Nd6 20. Qc2 Nf7 21.
Qxh7+ Kf8 22. Nf3 Rab8 23. Bc2 Nce5 24. Nh4 Qa7 25. Ng6+ Nxg6 26. Bxg6 Rxb3 27. Rab1 Rdb8 28. Ba1 Rxb1 29. Rxb1 Rxb1+ 30. Bxb1 Bc4 31. Bb2 Qb6 32. Qc2 Ne5 33. Qc3 Qb5 34. h3 Kf7 35. Bc2 Qa6 36.
a4 Nc6 37. Ba3 d4 38. exd4 Nxd4 39. Qe3 Nxc2 40. Qxc5 Nxa3 41. Qxa3 Qe6 42. Qc3 Qe2 43.
Qd4 Qf1+ 44. Kh2 Qd3 45. Qc5 Bd5 46. a5 Qe4 47. Qc7+ Ke6 48. Qc8+ Kf7 49. Qc7+ Kf8 50. Qg3 g5 51. a6 Kf7 52. Qc7+ Kg6 53. f3 Qe2 54. a7 Bxf3 55. Qg3 1-0

[Event "Late-Titled-Tuesday-Blitz-March-05-2024"]
[Site "Chess.com"]
[Date "2024.03.05"]
[Round "4"]
[White "Blitzstream"]
[Black "Squirlolz"]
[Result "0-1"]
[WhiteElo "2780"]
[BlackElo "2584"]
[TimeControl "180+1"]
[EndTime "14:40:09 PST"]
[Termination "Squirlolz won by resignation"]

1. e4 c5 2. Nf3 d6 3. d4 cxd4 4. Nxd4 Nf6 5. Nc3 Nc6 6. Bc4 e6 7. Bb3 Be7 8. g4 Nxd4 9. Qxd4 e5 10. Qd3 Bxg4 11. f3 Be6 12. Be3 O-O 13. Rg1 Bxb3 14. axb3 a6 15. O-O-O Rc8 16. Bh6 Ne8 17. Nd5 Kh8 18.
Be3 Nf6 19. Nxe7 Qxe7 20. Qxd6 Qxd6 21. Rxd6 Rfd8 22. Rgd1 Rxd6 23. Rxd6 Kg8 24. Bg5 Ne8 25. Rd7 Rc7 26. Rd8 Kf8 27. Kd2 f6 28. Be3 Ke7 29.
Rb8 Nd6 30. c4 Rc8 31. Rxc8 Nxc8 32. b4 Kd7 33. Bc5 g6 34. Kc3 Kc6 35. Bf8 f5 36.
Bg7 Kd6 37. c5+ Ke6 38. Kc4 Na7 39. Bh6 Nb5 40. Be3 f4 41. Bf2 g5 42. h3 h5 43. Bg1 Nc7 44. Bf2 Kd7 45. Be1 Nb5 46. Bf2 Kc6 47. Bg1 Nc7 48. Bf2 Ne6 49. Bg1 g4 50. hxg4 hxg4 51. fxg4 Ng5 52. Kd3 Nh3 53. Bh2 Nf2+ 54. Ke2 Nxg4 55. Bg1 Kb5 56. Kf3 Nf6 57. Bf2 Kxb4 58. Bh4 Nd7 59. Be7 Kc4 60. Bd6 Kd4 61. b4 Kc4 62. Kg4 Kd4 63. Kf3 Kd3 64.
Be7 Nb8 65. Bd6 Nc6 66. Bc7 Kd4 67. Bb6 Kc4 68. Bc7 Kd3 69. Bd6 Kd4 70. Bc7 Nxb4 71. Bb6 Nc6 72. Bc7 a5 73. Bb6 a4 74. Ba5 Nxa5 0-1